 Dungeon Crawl Stone Soup version 0.29.1-1-gd02db6906a (webtiles) character file.

Game seed: 11880119026015933622

752 raph the Geomancer (level 8, 0/57 HPs)
             Began as a Meteoran Earth Elementalist on Oct 15, 2022.
             Was an Initiate of Gozag.
             Slain by an orc warrior
             ... wielding a +4 glaive
              (15 damage)
             ... on level 6 of the Dungeon.
             The game lasted 00:08:55 (2914 turns).

raph the Geomancer (Meteoran Earth Elementalist)    Turns: 2914, Time: 00:08:56

Health: 0/57       AC:  3    Str: 10    XL:     8   Next: 27%
Magic:  11/14      EV: 12    Int: 19    God:    Gozag
Gold:   429        SH:  0    Dex: 14    Spells: 4/14 levels left

rFire   . . .      SeeInvis .   a - +1 quarterstaff (venom)
rCold   . . .      Faith    .   (shield currently unavailable)
rNeg    . . .      Spirit   .   i - +0 robe
rPois   .          Reflect  .   (no helmet)
rElec   .          Harm     .   k - +0 cloak
rCorr   .          Rampage  .   (no gloves)
Will    +....                   (no boots)
Stlth   +.........              (no amulet)
HPRegen 0.19/turn               (no ring)
MPRegen 0.14/turn               (no ring)

@: gold aura, glowing
A: sense surroundings 1, otherworldly, glowing, explore regen
a: Renounce Religion, Potion Petition, Call Merchant, Bribe Branch


You were on level 6 of the Dungeon.
You worshipped Gozag.
Gozag was aware of your devotion.
You visited 1 branch of the dungeon, and saw 6 of its levels.

You collected 462 gold pieces.
You paid 33 gold pieces to Gozag.

Inventory:

Hand Weapons
 a - a +1 quarterstaff of venom (weapon)
 f - a +0 dagger
Missiles
 e - 8 poisoned darts
Armour
 i - a +0 robe (worn)
 k - a +0 cloak (worn)
Scrolls
 d - 4 scrolls of teleportation
 m - 3 scrolls of summoning
 q - a scroll of blinking
Potions
 g - 2 potions of might
 h - a potion of haste {unknown}
 j - a potion of mutation {unknown}
 l - 2 potions of ambrosia {unknown}
 o - 3 potions of lignification
 r - a potion of flight {unknown}


   Skills:
 - Level 2.4 Dodging
 - Level 1.4 Stealth
 + Level 3.9 Spellcasting
 + Level 6.0 Conjurations
 - Level 1.2 Transmutations
 + Level 8.1 Earth Magic


You had 4 spell levels left.
You knew the following spells:

 Your Spells              Type           Power      Damage    Failure   Level
a - Sandblast             Erth           68%        2d15      1%          1
b - Passwall              Tmut/Erth      17%        N/A       3%          2
c - Stone Arrow           Conj/Erth      60%        3d10      2%          3
d - Petrify               Tmut/Erth      21%        N/A       21%         4

Your spell library contained the following spells:

 Spells                   Type           Power      Damage    Failure   Level
 Magic Dart               Conj           100%       1d8       1%          1
 Sting                    Tmut/Pois      24%        1d4       11%         1
 Necrotise                Necr           12%        1d4       14%         1
 Mephitic Cloud           Conj/Pois/Air  11%        N/A       19%         3
 Call Imp                 Summ           3%         N/A       22%         2
 Ensorcelled Hibernation  Hex/Ice        6%         N/A       22%         2
 Poisonous Vapours        Pois/Air       6%         N/A       22%         2
 Leda's Liquefaction      Hex/Erth       9%         N/A       26%         4
 Call Canine Familiar     Summ           3%         N/A       38%         3
 Inner Flame              Hex/Fire       3%         N/A       38%         3
 Portal Projectile        Hex/Tloc       6%         N/A       38%         3
 Swiftness                Air            3%         N/A       38%         3
 Vampiric Draining        Necr           3%         2d6       38%         3
 Cause Fear               Hex            1%         N/A       80%         4
 Olgreb's Toxic Radiance  Pois           3%         N/A       80%         4
 Agony                    Necr           3%         N/A       98%         5
 Discord                  Hex            1%         N/A       100%        8


Dungeon Overview and Level Annotations

Branches:
Dungeon (6/15) Zot: 604    Temple (0/1) D:5

Altars:
Ashenzari
Elyvilon
Fedhas
Gozag
Xom
Zin

Shops:
D:5 (


Innate Abilities, Weirdness & Mutations

You passively map a small area around you.
You are easily found by Zot.
You glow in the dark.
You regain HP and MP as you explore.


Message History

Aim: an orc warrior, wielding a +4 glaive and wearing a +0 plate armour (petrified, 100% to hit)
The blast of sand hits the orc warrior!
The orc warrior is moderately wounded.
The orc hits you with a +0 flail. The orc hits you with a +0 hand axe.
Aiming: Sandblast (safe; 1% risk of failure)
Press: ? - help, Q - select action, (/) - cycle Shift-Dir - straight line, f/p - orc warrior
Aim: an orc warrior, wielding a +4 glaive and wearing a +0 plate armour (moderately wounded, petrified, 100% to hit)
The blast of sand hits the orc warrior but does no damage.
The orc warrior is moderately wounded.
The orc hits you with a +0 hand axe. The orc hits you but does no damage.
The orc misses you. The orc hits you with a +0 hand axe.
You hit the orc but do no damage.
The orc is poisoned.
The orc closely misses you. The orc hits you with a +0 flail.
You hit the orc but do no damage.
The orc is heavily wounded.
The orc closely misses you. The orc hits you with a +0 flail!
* * * LOW HITPOINT WARNING * * *
You completely miss the orc.
The orc is heavily wounded.
You kill the orc!
The orc closely misses you.
You hit the orc but do no damage.
The orc is heavily wounded.
The orc hits you but does no damage. x2
You hit the orc.
You kill the orc!
Aiming: Sandblast (safe; 1% risk of failure)
Press: ? - help, Q - select action, (/) - cycle Shift-Dir - straight line, f/p - orc warrior
Aim: an orc warrior, wielding a +4 glaive and wearing a +0 plate armour (moderately wounded, petrified, 100% to hit)
The blast of sand hits the orc warrior but does no damage.
The orc warrior is moderately wounded.
The orc warrior is no longer petrified.
Aiming: Sandblast (safe; 1% risk of failure)
Press: ? - help, Q - select action, (/) - cycle Shift-Dir - straight line, f/p - orc warrior
Aim: an orc warrior, wielding a +4 glaive and wearing a +0 plate armour (moderately wounded, 84% to hit)
The blast of sand misses the orc warrior.
The orc warrior closely misses you.
The orc warrior hits you from afar with a +4 glaive!
You die...
Your body crumbles into a pile of gold.

* , , ** *, ,
, * * ,, , ,
,,, ,** , * *
, ,* *, ,
####### ,, *
.##...$@#####
*
......$<....#
,
..#....o....#
, ##........#
##.......# *
##..$...# ,
*.##.#### * ,
* .. ..# **
.#. ... , ,


You could see an orc warrior.

Vanquished Creatures
  Grinder (D:3)
  A phantom (D:5)
  A bullfrog (D:5)
  A scorpion (D:5)
  A howler monkey (D:4)
  A hound (D:5)
  An orc priest (D:4)
  3 orc wizards
  6 adders
  A white imp (D:5)
  A worm (D:5)
  3 dart slugs
  18 orcs
  7 ball pythons
  8 endoplasms
  7 giant cockroaches
  3 goblins
  7 hobgoblins
  4 jackals (D:3)
  9 kobolds
  3 quokkas
  2 bats
  3 frilled lizards
  4 rats
96 creatures vanquished.

Notes
Turn   | Place    | Note
-------+----------+-------------------------------------------
     0 | D:1      | raph the Meteoran Earth Elementalist began the quest for
                  | the Orb.
     0 | D:1      | Reached XP level 1. HP: 14/14 MP: 5/5
    98 | D:1      | Reached skill level 4 in Earth Magic
   141 | D:1      | Reached XP level 2. HP: 20/20 MP: 4/6
   168 | D:1      | Found a faded altar of an unknown god.
   235 | D:1      | Learned a level 2 spell: Passwall
   284 | D:1      | Reached XP level 3. HP: 20/26 MP: 5/8
   486 | D:1      | Glimpsed the power of Zot.
   536 | D:2      | Reached skill level 5 in Earth Magic
   565 | D:2      | Learned a level 3 spell: Stone Arrow
   665 | D:2      | Reached XP level 4. HP: 25/33 MP: 4/9
   712 | D:2      | Reached skill level 1 in Conjurations
   875 | D:2      | Reached XP level 5. HP: 28/38 MP: 10/10
  1064 | D:2      | Glimpsed the power of Zot.
  1114 | D:2      | Glimpsed the power of Zot.
  1259 | D:3      | Noticed Grinder
  1267 | D:3      | Killed Grinder
  1268 | D:3      | Reached skill level 7 in Earth Magic
  1268 | D:3      | Reached XP level 6. HP: 25/45 MP: 5/11
  1337 | D:3      | Learned a level 4 spell: Petrify
  1373 | D:3      | Found an opulent altar of Gozag.
  1459 | D:3      | Became a worshipper of Gozag Ym Sagoz the Greedy
  1512 | D:3      | Reached XP level 7. HP: 48/50 MP: 12/12
  1649 | D:3      | Glimpsed the power of Zot.
  1699 | D:3      | Glimpsed the power of Zot.
  1946 | D:4      | Reached skill level 5 in Conjurations
  2232 | D:4      | Found a broken altar of Ashenzari.
  2236 | D:4      | Glimpsed the power of Zot.
  2253 | D:5      | Entered Level 5 of the Dungeon
  2487 | D:5      | Reached skill level 8 in Earth Magic
  2487 | D:5      | Reached XP level 8. HP: 39/57 MP: 11/14
  2646 | D:5      | Found Hotar's Antique Weapon Shoppe.
  2764 | D:5      | Found a staircase to the Ecumenical Temple.
  2788 | D:5      | Found a white marble altar of Elyvilon.
  2788 | D:5      | Found a glowing silver altar of Zin.
  2788 | D:5      | Found a blossoming altar of Fedhas.
  2789 | D:5      | Found a shimmering altar of Xom.
  2824 | D:5      | Glimpsed the power of Zot.
  2874 | D:5      | Glimpsed the power of Zot.
  2914 | D:6      | Slain by an orc warrior

Illustrated notes

Levels and vault maps discovered:
D:1:      nzn_arrival_settlement, layout_basic, basic_ecumenical_altar
D:2:      layout_basic, minmay_ruptured
D:3:      layout_loops_corners, lemuel_tele_altar, serial_shops,
          nicolae_shop_competitors_out_of_business, st_stairs_5,
          chequers_serial_rivers_micro_c, dk_vineyard_3, uniq_grinder
D:4:      layout_basic, ashenzari_altar_1
D:5:      layout_layer_cave, overflow_temple_1_default,
          okawaru_altar_gauntlet_db, minitemple, minmay_temple_entry_fiery,
          serial_shops, nicolae_shop_statue_plus
D:6:      layout_loops_cross, grunt_dithmenos_smoke

Skill      XL: |  1  2  3  4  5  6  7  8 |
---------------+-------------------------+-----
Earth Magic    | 4 5 7 8 |  8.1
Conjurations   | 1 4 5 6 |  6.0
Spellcasting   | 3 |  3.9
Dodging        | |  2.4
Stealth        | |  1.4
Transmutations | |  1.2

Action                   |  1- 3 |  4- 6 |  7- 9 || total
-------------------------+-------+-------+-------++-------
Melee: Dagger            |     6 |       |       ||     6
       Quarterstaff      |     7 |    25 |    25 ||    57
 Cast: Sandblast         |    42 |    31 |    58 ||   131
       Stone Arrow       |       |       |     1 ||     1
       Petrify           |       |       |     3 ||     3
  Use: Scroll            |       |     5 |     8 ||    13
       Potion            |       |       |     1 ||     1
 Stab: Sleeping          |       |     1 |       ||     1
Armor: Robe              |    13 |    16 |     8 ||    37
Dodge: Dodged            |    31 |    17 |    22 ||    70
